 Dungeon Crawl Stone Soup version 0.20.1-1-g8b1a95d (console) character file.

79 hilaritas the Slasher (level 4, 0/66 HPs)
             Began as a Naga Berserker on Jan 19, 2018.
             Was a Believer of Trog.
             Slain by Crazy Yiuf
             ... wielding a +3 quarterstaff of chaos
              (6 damage)
             ... on level 2 of the Dungeon.
             The game lasted 00:06:29 (2591 turns).

hilaritas the Slasher (Naga Berserker)              Turns: 2591, Time: 00:06:30

Health: 0/66       AC:  7    Str: 24    XL:     4   Next: 38%
Magic:  0/4        EV: 10    Int:  8    God:    Trog [**....]
Gold:   76         SH:  0    Dex: 11    Spells: 3/3 levels left

rFire    . . .     SeeInvis +   a - +1 falchion
rCold    . . .     Gourm    .   (no shield)
rNeg     + . .     Faith    .   f - +0 robe {rN+}
rPois    +         Spirit   .   g - +0 helmet
rElec    .         Reflect  .   h - +0 cloak
rCorr    .         Harm     .   (no gloves)
MR       .....                  (no barding)
Stlth    ..........             (no amulet)
Regen    0.3/turn               d - +3 ring of protection
MPRegen  0.1/turn               (no ring)

@: berserking, drained, quick
A: see invisible, deformed body, poison resistance, slowness 2, slow metabolism
1, spit poison 1, AC +1
a: Spit Poison, Berserk, Trog's Hand, Burn Spellbooks, Renounce Religion


You were on level 2 of the Dungeon.
You worshipped Trog.
Trog was pleased with you.
You were hungry.

You visited 1 branch of the dungeon, and saw 2 of its levels.

You collected 76 gold pieces.

Inventory:

Hand Weapons
 a - a +1 falchion (weapon)
 e - a +0 dagger
Armour
 f - a +0 robe of positive energy (worn)
 g - a +0 helmet (worn)
 h - a +0 cloak (worn)
Jewellery
 d - a +3 ring of protection (left hand)
Scrolls
 k - a scroll of teleportation
Potions
 b - a potion of agility {unknown}
 i - 2 potions of curing
Comestibles
 c - 3 bread rations
 j - 2 chunks of flesh


   Skills:
 + Level 3.8(3.6) Fighting
 * Level 4.2(4.0) Long Blades
 - Level 1.5(1.4) Armour
 - Level 1.5(1.4) Dodging
 * Level 1.9(1.7) Stealth


You had 3 spell levels left.
You didn't know any spells.

Dungeon Overview and Level Annotations

Branches:
Dungeon (2/15)

Altars:

Annotations:
D:2 Crazy Yiuf


Innate Abilities, Weirdness & Mutations

You cannot wear boots.
Your serpentine skin is tough. (AC +1)
You have supernaturally acute eyesight. (SInv)
Armour fits poorly on your strangely shaped body.
Your system is resistant to poisons. (rPois)
You cover ground very slowly.
You have a slow metabolism.
You can spit poison.


Message History

Crazy Yiuf whimpers, "Goldfish ragdoll alas!"
Crazy Yiuf closely misses you.
You hit Crazy Yiuf.
Crazy Yiuf is heavily wounded.
Crazy Yiuf hits you with a quarterstaff of chaos!
You partially resist.
You feel drained.
You slash Crazy Yiuf!
Crazy Yiuf is almost dead.
Crazy Yiuf hits you with a quarterstaff of chaos!
Crazy Yiuf burns you.
A red film seems to cover your vision as you go berserk!
You feel yourself moving faster!
You feel mighty!
You are feeling hungry.
Crazy Yiuf hits you with a quarterstaff of chaos!
* * * LOW HITPOINT WARNING * * *
You feel your power leaking away.
You completely miss Crazy Yiuf.
Crazy Yiuf is almost dead.
Crazy Yiuf hits you with a quarterstaff of chaos.
You die...

##.##.#...#
#..................#
.......#..#
#....####...#.####.#
#...#..#..## #....# #.....#
#.# ...........# ♣....♣
#...#.# #.# ....##)#.###
♣...♣♣ #...#.####.#
.#+###.#.## ♣♣.♣♣ #...........
..........# ♣.♣♣ #...........
...###.#..# ♣♣.♣ ##[.###.##.#
.....#.#..## ♣.♣♣ #..........#
.....#.....# ♣♣.♣ ##..#...♣..#
.....+.....# #@# #...##.♣_♣.#
.....#.#...# #.g.#
##.###..♣... .....#.#..##
#...# ##.......... .......#..#
#..)# #......(.... ..####.#..#
##### #######.#### ..#....#<.#
#.#
..####.##.##################.#
.............................#
#..................#########.#
######.#####.......# ### .#
#.# #########


You could see Crazy Yiuf.

Vanquished Creatures
  3 adders (D:2)
  An ooze (D:1)
  A dart slug (D:1)
  2 leopard geckos
  9 bats
  A giant cockroach (D:1)
  8 goblins
  3 hobgoblins (D:1)
  3 jackals (D:2)
  3 kobolds (D:1)
  A quokka (D:2)
  A ball python (D:1)
  A frilled lizard (D:1)
  4 rats (D:1)
41 creatures vanquished.

Notes
Turn   | Place    | Note
-------+----------+-------------------------------------------
     0 | D:1      | hilaritas the Naga Berserker began the quest for the Orb.
     0 | D:1      | Reached XP level 1. HP: 21/21 MP: 1/1
    85 | D:1      | Reached XP level 2. HP: 22/28 MP: 2/2
   130 | D:1      | Reached skill level 1 in Stealth
   885 | D:1      | Reached XP level 3. HP: 32/34 MP: 3/3
  1790 | D:2      | Reached ** piety under Trog
  1983 | D:2      | Found a faded altar of an unknown god.
  2070 | D:2      | Found a runed door.
  2211 | D:2      | Reached XP level 4. HP: 44/44 MP: 4/4
  2225 | D:2      | Reached skill level 4 in Long Blades
  2580 | D:2      | Noticed Crazy Yiuf
  2590 | D:2      | HP: 6/66 [Crazy Yiuf/quarterstaff of chaos (8)]
  2591 | D:2      | Slain by Crazy Yiuf

Skill      XL: |  1  2  3  4 |
---------------+-------------+-----
Stealth        | 1 |  1.9
Long Blades    | 4 |  4.2
Fighting       | |  3.8
Armour         | |  1.5
Dodging        | |  1.5

Action                   |  1- 3 |  4- 6 || total
-------------------------+-------+-------++-------
Melee: Falchion          |    99 |    30 ||   129
Invok: Berserk           |       |     1 ||     1
  Use: Scroll            |     4 |     1 ||     5
 Stab: Sleeping          |     1 |     1 ||     2
  Eat: Chunk             |     2 |     2 ||     4
Armor: Animal skin       |    17 |       ||    17
       Robe              |    30 |    11 ||    41
Dodge: Dodged            |    66 |     8 ||    74
       Rpst.: Falchion   |    26 |     2 ||    28
